 Dungeon Crawl Stone Soup version 0.31-a0-150-g89dc3ad700 (webtiles) character file.

Game seed: 6883876653200022483

21380 sampeng1 the Fighter (level 12, -15/108 (112) HPs)
             Began as a Minotaur Berserker on May 29, 2023.
             Was the Champion of Trog.
             Demolished by a +0 spectral morningstar (16 damage)
             ... created by Asterion
             ... on level 1 of the Spider Nest on June 9, 2023.
             The game lasted 00:30:26 (9206 turns).

sampeng1 the Fighter (Minotaur Berserker)           Turns: 9206, Time: 00:30:27

HP:   -15/108 (112) AC: 22    Str: 27    XL:     12   Next: 53%
MP:   11/11         EV: 17    Int:  4    God:    Trog [******]
Gold: 1373          SH: 11    Dex: 10    Spells: 11/11 levels left

rFire   . . .        J - +5 war axe (heavy)
rCold   . . .        C - +0 kite shield
rNeg    . . .        e - +1 chain mail
rPois   +            y - +2 hat
rElec   .            m - +1 cloak
rCorr   .            u - +2 pair of gloves
SInv    .            d - +0 pair of boots
Will    .....        (no amulet) Stlth
                     f - +5 ring of evasion
HPRegen 0.38/turn    z - ring of poison resistance
MPRegen 0.12/turn

%: no passive effects
@: on berserk cooldown, slowed, lightly drained, very slow
A: horns 2, retaliatory headbutt
a: Renounce Religion, Berserk, Trog's Hand, Brothers in Arms


You were on level 1 of the Spider Nest.
You worshipped Trog.
Trog was exalted by your worship.
You visited 3 branches of the dungeon, and saw 11 of its levels.
You also visited: Ossuary and Bailey.

You collected 1571 gold pieces.
You spent 198 gold pieces at shops.

Inventory:

Hand Weapons
 q - a +0 war axe
 I - a +0 broad axe of venom
 J - a +5 heavy war axe (weapon)
Missiles
 b - 33 poisoned darts (quivered)
 c - 18 boomerangs
 w - 15 atropa-tipped darts
 x - 3 throwing nets
 B - 4 silver javelins
 G - 4 datura-tipped darts
Armour
 d - a +0 pair of boots (worn)
 e - a +1 chain mail (worn)
 m - a +1 cloak (worn)
 u - a +2 pair of gloves (worn)
 y - a +2 hat (worn)
 C - a +0 kite shield (worn)
Jewellery
 f - a +5 ring of evasion (left hand)
 z - a ring of poison resistance (right hand)
 A - a ring of protection from cold
Wands
 H - a wand of light (2)
 K - a wand of flame (24)
 M - a wand of charming (6)
Scrolls
 a - 4 scrolls of poison
 h - a scroll of immolation {unknown}
 k - a scroll of enchant weapon {unknown}
 n - a scroll of fog
 p - 3 scrolls of teleportation
 s - a scroll of blinking
 E - a scroll of brand weapon
 F - a scroll of magic mapping
Potions
 g - 4 potions of heal wounds
 i - 2 potions of degeneration
 j - 3 potions of resistance
 l - 2 potions of mutation
 o - 7 potions of curing
 r - a potion of magic
 t - a potion of attraction {unknown}
 v - 2 potions of brilliance {unknown}
 D - 3 potions of enlightenment
 L - a potion of might
 N - a potion of invisibility {unknown}


   Skills:
 + Level 12.0 Fighting
 + Level 12.0 Axes
 + Level 11.7 Armour
 + Level 10.7 Dodging
 + Level 11.0 Shields


You had 11 spell levels left.
You didn't know any spells.
Your spell library was empty.

Dungeon Overview and Level Annotations

Branches:
Dungeon (8/15)             Temple (0/1) D:7            Lair (2/5) D:8
 Spider (1/4) Lair:2      Ossuary (visited)          Bailey (visited)
  Swamp: Lair:2-3    Shoals: Lair:2-3

Altars:
Cheibriados
Elyvilon
Trog
Vehumet
Wu Jian
Zin

Shops:
D:3 *

Annotations:
Spider:1 Asterion


Innate Abilities, Weirdness & Mutations

You have a pair of horns on your head.
You reflexively headbutt those who attack you in melee.


Message History

You block Asterion's attack.
You block the +0 spectral morningstar's attack.
Asterion barely misses you. The Executioner hits you!!
The Executioner hits you but does no damage.
The Executioner completely misses you. Asterion barely misses you.
The +0 spectral morningstar hits you. Asterion closely misses you.
The Executioner barely misses you.
The Executioner hits you but does no damage.
The Executioner completely misses you.
A +0 spectral morningstar comes into view.
Asterion blocks your attack. x2
Asterion is moderately wounded.
You barely miss the Executioner.
You closely miss the +0 spectral morningstar.
The Executioner hits you!
* * * LOW HITPOINT WARNING * * *
The Executioner completely misses you.
The Executioner hits you but does no damage.
The Executioner misses you. You furiously retaliate!
You headbutt the Executioner!
The Executioner hits you but does no damage.
The Executioner hits you.
* * * LOW HITPOINT WARNING * * *
The Executioner hits you.
* * * LOW HITPOINT WARNING * * *
The Executioner completely misses you.
The Executioner hits you but does no damage.
Asterion misses you. The +0 spectral morningstar hits you!
* * * LOW HITPOINT WARNING * * *
You block Asterion's attack.
The Executioner hits you but does no damage. x3
Asterion closely misses you. You furiously retaliate!
You headbutt Asterion!
The +0 spectral morningstar hits you but does no damage.
Asterion gores you but does no damage.
The Executioner hits you but does no damage.
The Executioner hits you.
* * * LOW HITPOINT WARNING * * *
The Executioner hits you but does no damage.
Asterion hits you but does no damage. The +0 spectral morningstar hits you!
You die...

.. #... .. ....# .#..
.#. .... ## .#. ..#
.#### .#.###..#####
....## #
.#.........#.###......^.
^..#...#..$....1(##...^.
###..###....#†..@Hs#
^..#....##..#.####ss...#
.....^#..# #..)..# s...#
.###..##.# #.#..## ..##
.#.....#######...# ...
.##^.##....###..## ..
..^....:...#.....# .
#..#...#^†.#..#.###
..#..#.#.#.##.#.#.#


You could see Asterion (fast, strong), an Executioner (summoned, fast), a
tarantella, 3 redbacks and a +0 spectral morningstar.

Vanquished Creatures
  A death yak (D:7)
  A demonic crawler (Spider:1)
  2 skysharks
  Pikel (D:8)
  2 wolf spiders (Spider:1)
  2 manticores (D:7)
  A black mamba (Lair:1)
  5 elephants (Lair:1)
  4 cane toads
  4 komodo dragons
  A rime drake (Lair:1)
  4 polar bears
  3 meliai (Spider:1)
  A troll (D:7)
  Grinder (D:5)
  3 dream sheep (D:7)
  A culicivora (Spider:1)
  Eustachio (D:5)
  21 yaks
  A hog (D:7)
  5 redbacks
  4 water moccasins
  6 orc warriors
  4 black bears
  2 ice beasts
  A sky beast (D:6)
  An ogre (D:5)
  21 wolves
  A centaur (D:7)
  7 kobold brigands
  A lemure (D:8)
  Blork the orc (D:6)
  2 scorpions
  6 bullfrogs
  4 water moccasin zombies (Ossuary)
  4 wights (D:7)
  12 killer bees (D:7)
  A jelly (D:8)
  3 hounds
  A gnoll bouda (D:5)
  4 orc priests
  Crazy Yiuf (D:3)
  2 sleepcaps
  Terence (D:2)
  5 iguanas
  5 orc wizards
  2 mummies (Ossuary)
  11 gnolls
  7 adders
  A shadow imp (D:4)
  A white imp (D:7)
  6 adder zombies (Ossuary)
  3 worms
  2 dart slugs
  25 orcs
  4 ball pythons
  4 bats
  9 endoplasms
  A giant cockroach (D:2)
  5 gnoll zombies (Ossuary)
  2 goblins (D:1)
  3 hobgoblins
  4 jackals (D:5)
  A quokka (D:4)
  8 frilled lizards
  5 hobgoblin zombies
  32 kobolds
  5 kobold zombies (Ossuary)
  8 orc zombies (Ossuary)
  6 rats
320 creatures vanquished.

Notes
Turn   | Place    | Note
-------+----------+-------------------------------------------
     0 | D:1      | sampeng1 the Minotaur Berserker began the quest for the
                  | Orb.
     0 | D:1      | Reached XP level 1. HP: 19/19 MP: 0/0
   229 | D:1      | Reached XP level 2. HP: 27/27 MP: 1/1
   405 | D:1      | You fall into a shaft and drop 1 floor!
   513 | D:2      | Reached XP level 3. HP: 26/33 MP: 2/2
   565 | D:2      | Found a faded altar of an unknown god.
   636 | D:2      | Reached ** piety under Trog
  1140 | D:2      | Noticed Terence
  1148 | D:2      | Killed Terence
  1149 | D:2      | Reached XP level 4. HP: 27/41 MP: 3/3
  1331 | D:3      | Found a runed translucent door.
  1332 | D:3      | Noticed Crazy Yiuf
  1340 | D:3      | Killed Crazy Yiuf
  1703 | D:3      | Reached XP level 5. HP: 17/47 MP: 4/4
  1851 | D:3      | Found Ceamneoq's Assorted Antiques.
  1868 | D:3      | Bought a buckler for 108 gold pieces
  2271 | D:4      | Reached skill level 5 in Axes
  2274 | D:4      | Noticed an ice beast
  2279 | D:4      | Reached skill level 5 in Fighting
  2279 | D:4      | Reached skill level 1 in Shields
  2287 | D:4      | Killed an ice beast
  2288 | D:4      | Reached XP level 6. HP: 40/56 MP: 5/5
  2441 | D:4      | Reached *** piety under Trog
  2912 | D:5      | Entered Level 5 of the Dungeon
  2958 | D:5      | Reached XP level 7. HP: 61/61 MP: 6/6
  3109 | D:5      | Noticed Eustachio
  3127 | D:5      | Killed Eustachio
  3128 | D:5      | Reached skill level 5 in Armour
  3204 | D:5      | Reached skill level 5 in Dodging
  3407 | D:5      | Noticed Grinder
  3409 | D:5      | Reached XP level 8. HP: 70/70 MP: 7/7
  3424 | D:5      | Paralysed by Grinder for 5 turns
  3431 | D:5      | Killed Grinder
  4213 | D:6      | Reached **** piety under Trog
  4374 | D:6      | Found a glowing silver altar of Zin.
  4375 | D:6      | Found Zin's Purification Station.
  4380 | D:6      | Bought a potion of curing for 90 gold pieces
  4444 | D:6      | Noticed Blork the orc
  4450 | D:6      | Killed Blork the orc
  4531 | D:6      | Reached skill level 5 in Shields
  4807 | D:7      | Found a staircase to the Ecumenical Temple.
  4857 | D:7      | Reached XP level 9. HP: 67/79 MP: 8/8
  4927 | D:7      | Found a sand-covered staircase.
  4940 | Ossuary  | Entered an ossuary
  5190 | D:7      | Reached ***** piety under Trog
  5216 | D:7      | Found a bloodstained altar of Trog.
  5218 | D:7      | Found an ornate altar of the Wu Jian Council.
  5218 | D:7      | Found a snail-covered altar of Cheibriados.
  5220 | D:7      | Found a white marble altar of Elyvilon.
  5220 | D:7      | Found a radiant altar of Vehumet.
  5221 | D:7      | Noticed a troll
  5231 | D:7      | Killed a troll
  5298 | D:7      | Found a flagged portal.
  5308 | D:7      | Reached XP level 10. HP: 90/90 MP: 9/9
  5316 | Bailey   | Entered a bailey
  5404 | Bailey   | Found a burning altar of Makhleb.
  5713 | D:7      | Found a huge runed translucent gate.
  5713 | D:7      | Found a huge runed translucent gate.
  5713 | D:7      | Noticed a manticore
  5715 | D:7      | Found a huge runed translucent gate.
  5715 | D:7      | Noticed a manticore
  5715 | D:7      | Noticed a death yak
  5716 | D:7      | Found a huge runed translucent gate.
  5802 | D:7      | Killed a manticore
  5802 | D:7      | Killed a manticore
  5808 | D:7      | Killed a death yak
  5816 | D:7      | Reached skill level 10 in Axes
  5816 | D:7      | Reached XP level 11. HP: 38/99 MP: 10/10
  5820 | D:7      | Reached skill level 10 in Fighting
  6076 | D:8      | Noticed Pikel
  6086 | D:8      | Killed Pikel
  6269 | D:8      | Found a staircase to the Lair.
  6720 | Lair:1   | Entered Level 1 of the Lair of Beasts
  6733 | Lair:1   | Reached skill level 10 in Armour
  6889 | Lair:1   | Noticed a skyshark
  6897 | Lair:1   | Killed a skyshark
  6901 | Lair:1   | Reached ****** piety under Trog
  6918 | Lair:1   | Reached skill level 10 in Shields
  7156 | Lair:1   | Found a radiant altar of Vehumet.
  7166 | Lair:1   | Reached skill level 10 in Dodging
  7171 | Lair:1   | Received a gift from Trog
  7194 | Lair:1   | Reached XP level 12. HP: 73/110 MP: 11/11
  7685 | Lair:2   | Upgraded the game from 0.31-a0-112-gdf0485fa37 to
                  | 0.31-a0-115-g4708a659fe
  7717 | Lair:2   | Found a hole to the Spider Nest.
  8138 | Lair:2   | Upgraded the game from 0.31-a0-115-g4708a659fe to
                  | 0.31-a0-150-g89dc3ad700
  8660 | Spider:1 | Entered Level 1 of the Spider Nest
  8984 | Spider:1 | Noticed a demonic crawler
  8991 | Spider:1 | Killed a demonic crawler
  9199 | Spider:1 | Noticed Asterion
  9205 | Spider:1 | Noticed an Executioner
  9206 | Spider:1 | HP: 2/108 [+0 spectral morningstar[Asterion] (16)]
  9206 | Spider:1 | Demolished by a +0 spectral morningstar

Illustrated notes

Levels and vault maps discovered:
D:1:      ldierk_walled_garden_2, layout_basic
D:2:      layout_rooms, hellmonk_ecumenical_altar_leap_of_faith, uniq_terence
D:3:      layout_loops_ring, serial_shops, nicolae_shop_dealshenge,
          uniq_crazy_yiuf_cottage
D:4:      layout_cave_pools
D:5:      layout_loops_ring, lexackson_kobold_supper, uniq_grinder,
          uniq_eustachio
D:6:      layout_basic, zin_purify, uniq_blork_the_orc
D:7:      lemuel_bear_cage, layout_basic, grunt_temple_overflow_open,
          minmay_temple_entry_drinking_statues, enter_bailey_1, enter_ossuary_3
D:8:      layout_loops_ring, lair_entry_dummy, uniq_pikel
Lair:1:   layout_roguey, basic_altar, st_stairs_8, serial_bayou_shore_a,
          serial_bayou_shore_b
Lair:2:   layout_concentric_octagons, spider_nest_entry_rubble
Spider:1: layout_spider_delve, uniq_asterion, uniq_aizul

Skill      XL: |  1  2  3  4  5  6  7  8  9 10 11 12 |
---------------+-------------------------------------+-----
Axes           | 4 5 6 7 8 10 11 12 | 12.0
Fighting       | 4 5 6 7 8 9 11 12 | 12.0
Armour         | 3 4 5 6 8 9 10 11 | 11.7
Dodging        | 3 4 5 6 7 8 10 | 10.7
Shields        | 1 2 3 5 7 8 10 11 | 11.0

Action                     |  1- 3 |  4- 6 |  7- 9 | 10-12 || total
---------------------------+-------+-------+-------+-------++-------
  Melee: Hand axe          |    74 |    91 |       |       ||   165
         Headbutt          |     7 |    16 |    52 |    54 ||   129
         Punch             |       |     1 |       |       ||     1
         War axe           |       |    10 |   308 |   142 ||   460
         Broad axe         |       |       |       |   112 ||   112
 Invoke: Berserk           |       |       |     2 |     4 ||     6
    Use: Scroll            |     7 |     7 |     3 |     3 ||    20
         Potion            |       |     3 |     1 |       ||     4
 Armour: Scale mail        |     6 |       |       |       ||     6
         Animal skin       |     2 |       |       |       ||     2
         Chain mail        |    29 |    39 |   110 |   167 ||   345
  Dodge: Dodged            |    39 |    39 |   223 |   312 ||   613
  Block: Buckler           |       |     7 |    18 |       ||    25
         Kite shield       |       |       |    84 |   225 ||   309

Table legend: (Time is in decaauts)
 A = Elapsed time spent in this place.
 B = Non-inter-level travel time spent in this place.
 C = Inter-level travel time spent in this place.
 D = Time resting spent in this place.
 E = Time spent auto-exploring this place.
 F = Levels seen in this place.
 G = Mean time per level.
                   A        B        C        D        E       F      G
               +--------+--------+--------+--------+--------+-----+--------+
         Total |   9400 |   9039 |    361 |     96 |   6450 |  13 |  723.1 |
       Dungeon |   6374 |   6078 |    296 |     96 |   4270 |   8 |  796.8 |
          Lair |   1999 |   1934 |     65 |      0 |   1566 |   2 |  999.5 |
   Spider Nest |    555 |    555 |      0 |      0 |    457 |   1 |  555.0 |
       Ossuary |    213 |    213 |      0 |      0 |     34 |   1 |  213.0 |
        Bailey |    258 |    258 |      0 |      0 |    123 |   1 |  258.0 |
               +--------+--------+--------+--------+--------+-----+--------+

Top non-repeatable levels by time:
     D:5: 1140 daAuts
  Lair:1: 1012 daAuts
     D:3: 1008 daAuts
  Lair:2: 987 daAuts
     D:7: 834 daAuts
     D:6: 795 daAuts
     D:1: 735 daAuts
     D:8: 679 daAuts
     D:4: 650 daAuts
Spider:1: 555 daAuts
     D:2: 531 daAuts
  Bailey: 258 daAuts
 Ossuary: 213 daAuts
